 Dungeon Crawl Stone Soup version 0.29-a0-993-g4a18f31a58 (webtiles) character file.

Game seed: 3280068962763860562

20 vurker the Sneak (level 2, 14/14 HPs)
             Began as a Vine Stalker Enchanter on Aug 2, 2022.
             Was a Believer of Lugonu.
             Quit the game on level 1 of the Dungeon.
             The game lasted 00:00:38 (488 turns).

vurker the Sneak (Vine Stalker Enchanter)            Turns: 488, Time: 00:00:38

Health: 14/14      AC:  2    Str: 10    XL:     2   Next: 79%
Magic:  6/6        EV: 12    Int: 15    God:    Lugonu [**....]
Gold:   0          SH:  0    Dex: 14    Spells: 5/5 levels left

rFire   . . .      SeeInvis .   a - +1 dagger
rCold   . . .      Faith    .   (no shield)
rNeg    . . .      Spirit   +   b - +0 robe
rPois   .          Reflect  .   (no helmet)
rElec   .          Harm     .   (no cloak)
rCorr   .          Rampage  .   (no gloves)
Will    .....                   (no boots)
Stlth   ++........              (no amulet)
HPRegen 0.04/turn               e - ring of flight
MPRegen 0.10/turn               (no ring)

@: flying
A: fangs 2, magic shield, antimagic bite, no potion heal 2
a: Renounce Religion, Depart the Abyss, Bend Space


You were on level 1 of the Dungeon.
You worshipped Lugonu.
Lugonu was pleased with you.
You visited 1 branch of the dungeon, and saw 1 of its levels.

Inventory:

Hand Weapons
 a - a +1 dagger (weapon)
Armour
 b - a +0 robe (worn)
Jewellery
 e - a ring of flight (left hand)
   (You found it on level 1 of the Dungeon)
Scrolls
 d - 2 scrolls of enchant weapon {unknown}
Potions
 c - 2 potions of invisibility
 f - a potion of might {unknown}
 g - a potion of curing {unknown}


   Skills:
 + Level 1.0 Fighting
 - Level 0.8 Short Blades
 - Level 1.5 Dodging
 - Level 3.6 Stealth
 * Level 1.8 Unarmed Combat
 - Level 2.1 Spellcasting
 - Level 3.0 Hexes


You had 5 spell levels left.
You didn't know any spells.
Your spell library contained the following spells:

 Spells                   Type           Power      Damage    Failure   Level
 Ensorcelled Hibernation  Hex/Ice        12%        N/A       19%         2
 Confusing Touch          Hex            10%        N/A       19%         3
 Tukima's Dance           Hex            10%        N/A       19%         3
 Dazzling Flash           Conj/Hex       12%        N/A       34%         3


Dungeon Overview and Level Annotations

Branches:
Dungeon (1/15)

Altars:
Lugonu


Innate Abilities, Weirdness & Mutations

You have extremely sharp teeth.
When hurt, damage is shared between your health and your magic reserves.
Your bite disrupts and absorbs the magic of your enemies.
Potions cannot restore your health.


Message History

A dart slug is nearby!
A dart slug is nearby!
A dart slug is nearby!
The dart slug completely misses you.
You hit the dart slug but do no damage. You barely miss the dart slug.
You bite the dart slug. You drain its power.
The dart slug launches a dart at you. The slug dart hits you.
You hit the dart slug but do no damage. You bite the dart slug.
You drain its power.
You feel invigorated. The dart slug barely misses you.
You hit the dart slug. You bite the dart slug. You drain its power.
The dart slug launches a dart at you. The slug dart hits you.
You hit the dart slug. You bite the dart slug. You drain its power.
You feel invigorated.
You hit the dart slug but do no damage. Your bite misses the dart slug.
The dart slug closely misses you.
You hit the dart slug but do no damage. The dart slug launches a dart at you.
The slug dart misses you.
You hit the dart slug but do no damage. You punch the dart slug.
A dart slug is nearby!
A dart slug is nearby!
You hit the dart slug.
You kill the dart slug!
Your Fighting skill increases to level 1!
You see here a dart slug corpse.
You see here a dart slug corpse.
You see here 6 stones.
You see here a frilled lizard corpse.
Found 6 stones.
Found a scroll labelled JUPAIG RAPTOPN and an amethyst potion.
Found a faded altar of an unknown god.
d - 2 scrolls labelled JUPAIG RAPTOPN (gained 1)
g - an amethyst potion No target in view!
An endoplasm comes into view.
An endoplasm is nearby!
An endoplasm is nearby!
An endoplasm is nearby!
The helpless endoplasm fails to defend itself.
You puncture the endoplasm!
You kill the endoplasm!
No target in view!
No target in view!
There is a faded altar of an unknown god here.
You cannot tell which god this altar belongs to.
Convert to them anyway?
Lugonu accepts your prayer! Lugonu welcomes you!
You can now depart the Abyss.
You can now bend space around yourself.

#.........########
.......#...........#
###.##.#.##.######.#
#. #.#.##.## #.# #.
#.......# #.#
#####(####.##..# #.#
............#..# #.#
#.#§...##.....## #.#
#§.@.........# #.#
#§.§§......#.# #.#
###.###.####.## #.#
#§# #.###...###.#
#.# #.##.#>#.##.#
#.###...........#
#.#......#.#.####
..#.###.#...######
#.# #.......>...


There were no monsters in sight!

Vanquished Creatures
  2 dart slugs (D:1)
  A ball python (D:1)
  3 endoplasms (D:1)
  4 giant cockroaches (D:1)
  A bat (D:1)
  A frilled lizard (D:1)
  3 rats (D:1)
15 creatures vanquished.

Notes
Turn   | Place    | Note
-------+----------+-------------------------------------------
     0 | D:1      | vurker the Vine Stalker Enchanter began the quest for the
                  | Orb.
     0 | D:1      | Reached XP level 1. HP: 9/9 MP: 4/4
   102 | D:1      | Reached skill level 1 in Unarmed Combat
   111 | D:1      | Reached XP level 2. HP: 14/14 MP: 6/6
   282 | D:1      | Reached skill level 1 in Fighting
   433 | D:1      | Found a faded altar of an unknown god.
   487 | D:1      | Prayed at the altar of an unknown god.
   487 | D:1      | Became a worshipper of Lugonu the Unformed
   487 | D:1      | Reached * piety under Lugonu
   487 | D:1      | Reached ** piety under Lugonu
   488 | D:1      | Quit the game

Illustrated notes

Levels and vault maps discovered:
D:1:      minmay_arrival_arboretum_small, layout_loops_ring,
          ebering_ecumenical_altar_mist, serial_shops, nicolae_shop_stone

Skill      XL: |  1  2 |
---------------+-------+-----
Unarmed Combat | 1 |  1.8
Fighting       | 1 |  1.0
Short Blades   | |  0.8
Dodging        | |  1.5
Stealth        | |  3.6
Spellcasting   | |  2.1
Hexes          | |  3.0

Action                   || total
-------------------------++-------
Melee: Dagger            ||    31
       Bite              ||    10
       Punch             ||     1
 Stab: Sleeping          ||     7
Armor: Robe              ||     3
Dodge: Dodged            ||    18

Table legend: (Time is in decaauts)
 A = Elapsed time spent in this place.
 B = Non-inter-level travel time spent in this place.
 C = Inter-level travel time spent in this place.
 D = Time resting spent in this place.
 E = Time spent auto-exploring this place.
 F = Levels seen in this place.
 G = Mean time per level.
                   A        B        C        D        E       F      G
               +--------+--------+--------+--------+--------+-----+--------+
         Total |    486 |    477 |      9 |      0 |    374 |   1 |  486.0 |
       Dungeon |    486 |    477 |      9 |      0 |    374 |   1 |  486.0 |
               +--------+--------+--------+--------+--------+-----+--------+

Top non-repeatable levels by time:
     D:1: 486 daAuts
